[Event "Titled Tuesday Blitz July 18 Late 2023"]
[White "Bortnyk, Olexandr"]
[Black "Nakamura, Hikaru"]
[WhiteFideId "14120828"]
[BlackFideId "2016192"]
[WhiteElo "3036"]
[BlackElo "3262"]
[Result "1/2-1/2"]
[Round "8"]
[TimeControl "180+2"]
[Date "2023.07.18"]
[WhiteClock "0:00:06"]
[BlackClock "0:00:06"]
[Board "1"]

1. d4 Nf6 2. Nc3 d5 3. Bf4 a6 4. e3 e6 5. a3 Bd6 6. Nf3 c5 7. dxc5 Bxc5 8. Bd3 b5 9. O-O Bb7 10. Qe2 Nbd7 11. e4 d4 12. Nb1 O-O 13. h3 Re8 14. e5 Bxf3 15. Qxf3 Nd5 16. Nd2 Qc7 17. Rfe1 Nxf4 18. Qxf4 f5 19. Nf3 h6 20. Nxd4 g5 21. Qe3 Rad8 22. c3 Nb8 23. Rad1 Qb6 24. Qf3 Bxd4 25. cxd4 Kg7 26. Qh5 Rf8 27. h4 g4 28. d5 Rxd5 29. Bb1 g3 30. Qf3 gxf2+ 31. Qxf2 Qxf2+ 32. Kxf2 Rfd8 33. Rxd5 Rxd5 34. Rc1 Nd7 35. Ba2 Rd2+ 36. Ke3 Rxb2 37. Bxe6 Nxe5 38. Bxf5 Nc4+ 39. Kf3 Kf6 40. g4 Rh2 41. Kg3 Ra2 42. Kf4 Rf2+ 43. Kg3 Rd2 44. Re1 Ne5 45. Rc1 Ra2 46. Kf4 Rf2+ 47. Ke4 Re2+ 48. Kf4 Rf2+ 49. Ke4 Nc4 50. Rd1 Re2+ 51. Kf4 Rf2+ 52. Ke4 Rh2 53. h5 Re2+ 54. Kf4 Rf2+ 55. Ke4 Ra2 56. Rd8 Rxa3 57. Rg8 Nd6+ 58. Kd5 Nxf5 59. Rg6+ Kf7 60. gxf5 b4 61. Rxh6 Ra5+ 62. Kc4 Rxf5 63. Rxa6 Rxh5 64. Kxb4 Rf5 1/2-1/2


[Site "https://www.chess.com"]

[Event "Titled Tuesday Blitz July 18 Late 2023"]
[White "Duda, Jan-Krzysztof"]
[Black "Terry, Renato"]
[WhiteFideId "1170546"]
[BlackFideId "3803457"]
[WhiteElo "3025"]
[BlackElo "2969"]
[Result "0-1"]
[Round "8"]
[TimeControl "180+2"]
[Date "2023.07.18"]
[WhiteClock "0:00:00"]
[BlackClock "0:00:08"]
[Board "2"]

1. e4 e6 2. d4 d5 3. Nd2 Be7 4. Bd3 c5 5. dxc5 Nf6 6. Qe2 O-O 7. Ngf3 a5 8. b3 Na6 9. e5 Nd7 10. Nd4 Qc7 11. N2f3 Naxc5 12. O-O Nxd3 13. cxd3 b6 14. h4 Ba6 15. Bg5 Bc5 16. Rac1 Rfe8 17. Rfe1 Rac8 18. h5 h6 19. Bf4 Qd8 20. Qe3 Kh7 21. Kh2 Qe7 22. Kh3 Rc7 23. g4 Rec8 24. Rcd1 Bxd4 25. Nxd4 Rc3 26. Ne2 Rc2 27. g5 hxg5 28. Bxg5 Qc5 29. Nd4 Rc3 30. Rg1 Qf8 31. Rg3 Nc5 32. h6 g6 33. Nf3 Bxd3 34. Kh2 Bc2 35. Bf6 Ne4 36. Qxe4 Qxh6+ 37. Rh3 Qxh3+ 0-1


[Site "https://www.chess.com"]

[Event "Titled Tuesday Blitz July 18 Late 2023"]
[White "Naroditsky, Daniel"]
[Black "Hakobyan, Aram"]
[WhiteFideId "2026961"]
[BlackFideId "13306677"]
[WhiteElo "3138"]
[BlackElo "2970"]
[Result "1-0"]
[Round "8"]
[TimeControl "180+2"]
[Date "2023.07.18"]
[WhiteClock "0:00:33"]
[BlackClock "0:00:00"]
[Board "3"]

1. e4 e5 2. Nf3 Nc6 3. Nc3 Nf6 4. d4 exd4 5. Nd5 Nb4 6. Nxf6+ Qxf6 7. a3 Nc6 8. Bd3 h6 9. O-O d6 10. Bb5 Bd7 11. Bxc6 Bxc6 12. Nxd4 Be7 13. f3 Bd7 14. c4 O-O 15. Ne2 b5 16. Nc3 c6 17. cxb5 Bd8 18. bxc6 Bb6+ 19. Kh1 Bxc6 20. Qd3 Rab8 21. b4 Bd4 22. Bb2 Bb5 23. Nxb5 Bxb2 24. Rad1 Be5 25. Nxa7 d5 26. exd5 Rfd8 27. Nc6 Bd6 28. Nxb8 Rxb8 29. g3 h5 30. Kg2 h4 31. Rde1 Ra8 32. Re2 g6 33. Rc1 hxg3 34. hxg3 Qg5 35. f4 Bxf4 36. Rce1 Kh7 37. Qf3 1-0


[Site "https://www.chess.com"]

[Event "Titled Tuesday Blitz July 18 Late 2023"]
[White "Martinez Alcantara, Jose Eduardo"]
[Black "Van Foreest, Jorden"]
[WhiteFideId "3805662"]
[BlackFideId "1039784"]
[WhiteElo "3062"]
[BlackElo "2955"]
[Result "1-0"]
[Round "8"]
[TimeControl "180+2"]
[Date "2023.07.18"]
[WhiteClock "0:00:13"]
[BlackClock "0:00:01"]
[Board "4"]

1. e4 c6 2. d4 d5 3. e5 Bf5 4. h4 h5 5. Bd3 Bxd3 6. Qxd3 e6 7. Nf3 Qa5+ 8. Nbd2 Ne7 9. O-O Nf5 10. c4 Be7 11. g3 Nd7 12. Rd1 Rd8 13. b3 O-O 14. Bb2 dxc4 15. Nxc4 Qd5 16. Qe2 g6 17. Ncd2 Qb5 18. Qe1 c5 19. Nc4 Nb6 20. Nd6 Nxd6 21. exd6 Bf6 22. Rac1 c4 23. Ba3 cxb3 24. axb3 Qxb3 25. Qe3 Qd5 26. Ne5 Qb5 27. Re1 Qa4 28. d7 Bxe5 29. Bxf8 Qxd4 30. Bc5 Qxe3 31. Bxe3 Bd6 32. Red1 Rxd7 33. Bxb6 axb6 34. Rb1 Kf8 35. Rxb6 Ke7 36. Rdb1 Rd8 37. Rxb7+ Kf6 38. R7b3 e5 39. Rd1 Ke6 40. Rb6 e4 41. Kf1 f5 42. Ke2 Ke5 43. Ra6 Ke6 44. Ke3 Ke5 45. Ke2 Ke6 46. Rb1 Kd5 47. Rb5+ Ke6 48. Rb7 Kf6 49. Kf1 Ke6 50. Rbb6 Ke5 51. Kg2 Rd7 52. Rb5+ Ke6 53. Rb8 Kf7 54. Rc8 Ke6 55. Kf1 Kf6 56. Ke2 Ke6 57. f4 exf3+ 58. Kxf3 Kf6 59. Rc3 Ke6 60. Rd3 Ke5 61. Ra2 Ke6 62. Re2+ Kf6 63. Re1 Kf7 64. Re2 Kf6 65. Kg2 Rd8 66. Red2 Ke6 67. Kf1 Ke7 68. Ke2 Ke6 69. Kd1 Ke7 70. Ra2 Bxg3 71. Re2+ 1-0


[Site "https://www.chess.com"]

[Event "Titled Tuesday Blitz July 18 Late 2023"]
[White "Mamedov, Rauf"]
[Black "Matlakov, Maxim"]
[WhiteFideId "13401653"]
[BlackFideId "4168003"]
[WhiteElo "3054"]
[BlackElo "2962"]
[Result "0-1"]
[Round "8"]
[TimeControl "180+2"]
[Date "2023.07.18"]
[WhiteClock "0:01:41"]
[BlackClock "0:01:58"]
[Board "5"]

1. e4 e5 2. Nf3 Nc6 3. Bc4 Bc5 4. c3 Nf6 5. d3 O-O 6. a4 a5 7. O-O h6 8. Re1 d6 9. h3 Be6 10. Nbd2 Bxc4 11. Nxc4 Re8 12. Be3 Bxe3 13. Nxe3 Ne7 14. Qb3 b6 15. Rad1 Ng6 16. Nf5 Qd7 17. Qc4 d5 18. Qb3 Rad8 19. Ng3 Qc6 20. Qb5 Qe6 21. exd5 Rxd5 22. Qc4 Qd7 23. d4 exd4 24. Rxe8+ Qxe8 25. Re1 Ne5 26. Nxd4 Nxc4 0-1


[Site "https://www.chess.com"]

[Event "Titled Tuesday Blitz July 18 Late 2023"]
[White "Antipov, Mikhail Al."]
[Black "Andreikin, Dmitry"]
[WhiteFideId "4107012"]
[BlackFideId "4158814"]
[WhiteElo "2933"]
[BlackElo "3004"]
[Result "1-0"]
[Round "8"]
[TimeControl "180+2"]
[Date "2023.07.18"]
[WhiteClock "0:00:07"]
[BlackClock "0:00:01"]
[Board "6"]

1. e4 c5 2. Nf3 g6 3. d4 cxd4 4. Nxd4 Nf6 5. Nc3 d6 6. Be3 Nc6 7. f3 h5 8. Qd2 Nxd4 9. Bxd4 Bh6 10. Bb5+ Bd7 11. Qd3 O-O 12. Bxf6 exf6 13. Bxd7 Qxd7 14. Nd5 Bg7 15. O-O-O Rfc8 16. Kb1 Rc5 17. Rd2 Rac8 18. Rhd1 Kh7 19. h3 Qe6 20. g4 h4 21. c3 Rc4 22. Nf4 Qe5 23. Nd5 b5 24. a3 Qg3 25. Qf1 R8c5 26. f4 Rxe4 27. Rd3 Rxd5 28. Rxg3 Rxd1+ 29. Qxd1 hxg3 30. Qg1 Bh6 31. Qxg3 Bxf4 32. Qd3 Re1+ 33. Ka2 a6 34. a4 bxa4 35. Qxa6 Bc1 36. Qxa4 Re2 37. Qd1 Rxb2+ 38. Ka1 Rh2 39. Qxc1 Rxh3 40. Kb2 Rh2+ 41. Kb3 Re2 42. Qf4 Re6 43. Kc4 g5 44. Qh2+ Kg7 45. Kd5 Kf8 46. c4 Ke7 47. Qb2 Re5+ 48. Kd4 Rc5 49. Qc2 Ke6 50. Qh7 Re5 51. Qg8 Ke7 52. Qb8 Rc5 53. Qb7+ Ke6 54. Qe4+ Kd7 55. Qa8 Ke7 56. Qa7+ Ke6 57. Qb7 Re5 58. Qc7 Rc5 59. Qd8 f5 60. Qxg5 fxg4 61. Qxg4+ Ke7 62. Qh4+ Kd7 63. Qh8 f5 64. Qf6 Kc6 65. Qd8 Re5 66. Qc8+ Kb6 67. Qd7 Re4+ 68. Kd5 Re5+ 69. Kxd6 Rc5 70. Qd8+ 1-0


[Site "https://www.chess.com"]

[Event "Titled Tuesday Blitz July 18 Late 2023"]
[White "Rasulov, Vugar"]
[Black "Makarian, Rudik"]
[WhiteFideId "13402390"]
[BlackFideId "44105681"]
[WhiteElo "2872"]
[BlackElo "3002"]
[Result "1-0"]
[Round "8"]
[TimeControl "180+2"]
[Date "2023.07.18"]
[WhiteClock "0:00:37"]
[BlackClock "0:00:03"]
[Board "7"]

1. Nf3 Nf6 2. e3 d5 3. c4 e6 4. Nc3 b6 5. cxd5 exd5 6. d4 Bd6 7. g3 Bb7 8. Bg2 Nbd7 9. O-O a6 10. b3 Qe7 11. Bb2 O-O-O 12. a4 h5 13. Qc1 Ne4 14. Nxe4 dxe4 15. Nd2 h4 16. Nc4 Kb8 17. Qc2 f5 18. Rfc1 Rc8 19. Nxd6 cxd6 20. Qd2 g5 21. Ba3 hxg3 22. hxg3 Qh7 23. Rxc8+ Bxc8 24. Bxd6+ Ka8 25. g4 Nf6 26. gxf5 Bxf5 27. Rc1 Bh3 28. Rc7 Qh5 29. Qc2 Bd7 30. Rxd7 Nxd7 31. Qc6+ Ka7 32. Qxd7+ Ka8 33. Bxe4# 1-0


[Site "https://www.chess.com"]

[Event "Titled Tuesday Blitz July 18 Late 2023"]
[White "Gadimbayli, Abdulla"]
[Black "Xiong, Jeffery"]
[WhiteFideId "13404938"]
[BlackFideId "2047640"]
[WhiteElo "2856"]
[BlackElo "2976"]
[Result "0-1"]
[Round "8"]
[TimeControl "180+2"]
[Date "2023.07.18"]
[WhiteClock "0:00:01"]
[BlackClock "0:01:31"]
[Board "8"]

1. e4 c5 2. Nf3 d6 3. d4 cxd4 4. Nxd4 Nf6 5. Nc3 a6 6. g3 g6 7. Bg2 Bg7 8. O-O O-O 9. h3 Nc6 10. Be3 Bd7 11. Nxc6 Bxc6 12. Qd2 b5 13. e5 Bxg2 14. exf6 Bxf1 15. fxg7 Re8 16. Rxf1 Kxg7 17. Nd5 f6 18. Re1 e6 19. Bb6 Qb8 20. Nc7 Qxb6 21. Nxa8 Qc6 22. Qa5 Qxa8 23. Qc7+ Kg8 24. Qxd6 Kf7 25. c3 e5 26. Rd1 Qc8 27. h4 f5 28. Qb6 f4 29. Rd6 Re7 30. Rf6+ Kg7 31. Qd6 Re8 32. h5 gxh5 33. Qxa6 Qh3 34. Rc6 f3 35. Rc7+ Kg8 0-1


[Site "https://www.chess.com"]

[Event "Titled Tuesday Blitz July 18 Late 2023"]
[White "Nihal Sarin"]
[Black "Svane, Rasmus"]
[WhiteFideId "25092340"]
[BlackFideId "4657101"]
[WhiteElo "3058"]
[BlackElo "2958"]
[Result "1/2-1/2"]
[Round "8"]
[TimeControl "180+2"]
[Date "2023.07.18"]
[WhiteClock "0:00:25"]
[BlackClock "0:00:06"]
[Board "9"]

1. a3 e5 2. c4 Nf6 3. d3 g6 4. Nf3 d6 5. g3 Bg7 6. Bg2 O-O 7. Nc3 a5 8. O-O c6 9. Rb1 Re8 10. b4 axb4 11. axb4 d5 12. cxd5 cxd5 13. Bg5 h6 14. Bxf6 Bxf6 15. Nd2 Be6 16. e4 d4 17. Nd5 Na6 18. Rc1 Bg7 19. b5 Bxd5 20. exd5 Nc7 21. Qb3 Ra5 22. d6 Nxb5 23. Nc4 Nxd6 24. Nxa5 Qxa5 25. Qd5 Qxd5 26. Bxd5 Re7 27. Rb1 Kh7 28. Rb6 Rd7 29. Rfb1 f5 30. f3 h5 31. Bxb7 Nxb7 32. Rxb7 Rxb7 33. Rxb7 Kh6 34. Rf7 Kh7 35. Kf2 Kg8 36. Rb7 Bf6 37. h3 Kf8 38. g4 hxg4 39. hxg4 Bg5 40. gxf5 gxf5 41. Rh7 Bf6 42. Ke2 Kg8 43. Rh5 Kf7 44. Rh7+ Kg6 45. Rb7 Kg5 46. Rb6 Bg7 47. Rb7 Bf6 48. Rf7 Bd8 49. Rf8 Be7 50. Re8 Bf6 51. Kf2 Kf4 52. Re6 Bh4+ 53. Ke2 Bg5 54. Rg6 Bh4 55. Rg8 Bg5 56. Rh8 Bf6 57. Rh5 Be7 58. Rh7 Bg5 59. Rf7 Bh4 60. Kd2 Bf2 61. Kc2 Bg3 62. Kb3 Kxf3 63. Rxf5+ Ke3 64. Kc4 e4 65. Rg5 Bf4 66. Rg8 exd3 67. Re8+ Kf3 68. Kxd3 Be3 69. Rf8+ Kg4 70. Ke4 Kg5 71. Rf5+ Kg6 72. Rf3 Kg5 73. Ke5 Kg6 74. Rg3+ Kf7 75. Kf5 Ke7 76. Rg6 Kf7 77. Rd6 Ke7 78. Rd5 Bf2 79. Ke5 Be3 80. Kf5 Bf2 81. Ke4 Be3 82. Rh5 Ke6 83. Ra5 Bf2 84. Ra6+ Ke7 85. Ke5 Kd7 86. Kd5 Ke7 87. Re6+ Kd7 88. Rf6 Be3 89. Rf7+ Ke8 90. Ke6 Kd8 91. Rd7+ Ke8 92. Rd5 Bf2 93. Rf5 Be3 94. Rd5 Bf2 95. Rg5 Kd8 96. Rf5 Be3 97. Rc5 d3 98. Rd5+ Kc7 99. Rxd3 Ba7 100. Rc3+ Kb7 101. Kd7 Ka8 102. Kc6 Bf2 103. Ra3+ Ba7 104. Rf3 Bb8 105. Rf8 Ka7 106. Rg8 Ka8 107. Rg5 Ba7 108. Ra5 Kb8 109. Ra4 Ka8 110. Rb4 Bb8 111. Kb6 Ba7+ 112. Kc7 Bf2 113. Rb2 Ba7 114. Rb1 Bf2 115. Rb8+ Ka7 116. Rb2 Bg3+ 117. Kc6 Ka8 118. Ra2+ Kb8 119. Ra3 Bf4 120. Rf3 Be5 121. Rf5 Bh2 122. Rg5 Bf4 123. Rg4 Be5 124. Kb6 Bc7+ 125. Kc6 Be5 126. Re4 Bg3 127. Kb6 Ka8 128. Ra4+ Kb8 129. Rg4 Bf2+ 130. Kc6 Ka8 131. Rg8+ Ka7 132. Rg2 Be3 133. Ra2+ Kb8 134. Re2 Bf4 135. Re4 Bg3 136. Rb4+ Ka8 137. Rg4 Bf2 138. Rf4 Bg3 139. Rf8+ Bb8 140. Rf3 Ba7 141. Kc7 Bb8+ 142. Kc8 Ba7 143. Rb3 Bc5 144. Rb8+ Ka7 145. Rb5 Bb6 146. Kd7 Bf2 147. Kc7 Ka8 148. Kc6 Ba7 149. Kc7 1/2-1/2


[Site "https://www.chess.com"]

[Event "Titled Tuesday Blitz July 18 Late 2023"]
[White "Bartel, Mateusz"]
[Black "Paravyan, David"]
[WhiteFideId "1112635"]
[BlackFideId "4194985"]
[WhiteElo "2848"]
[BlackElo "3020"]
[Result "0-1"]
[Round "8"]
[TimeControl "180+2"]
[Date "2023.07.18"]
[WhiteClock "0:00:06"]
[BlackClock "0:01:05"]
[Board "10"]

1. e4 e5 2. Nf3 Nf6 3. Nxe5 d6 4. Nf3 Nxe4 5. Bd3 d5 6. Nc3 Nc5 7. Qe2+ Be7 8. O-O Nxd3 9. Qxd3 c6 10. b3 O-O 11. Bb2 Na6 12. Ne2 Bf6 13. Bxf6 Qxf6 14. Qc3 Qxc3 15. dxc3 Bf5 16. Rac1 Rfe8 17. Ned4 Bg6 18. Rfe1 Nc5 19. Nd2 Kf8 20. f3 Rxe1+ 21. Rxe1 Re8 22. Kf2 Ne6 23. Rc1 a5 24. Nxe6+ Rxe6 25. Nf1 Ke7 26. Ne3 Kd6 27. Ke2 Kc5 28. Kd2 b5 29. a3 Kd6 30. g4 h5 31. Rg1 hxg4 32. Rxg4 Rf6 33. Rg3 Bh5 34. Ke2 g6 35. Nf1 c5 36. Nd2 Rf4 37. Kf2 Rh4 38. Kg2 a4 39. Rh3 Rxh3 40. Kxh3 g5 41. b4 Bg6 42. Kg3 Bxc2 43. Kf2 d4 44. bxc5+ Kxc5 45. cxd4+ Kxd4 46. f4 gxf4 47. h4 Kc3 48. Nf3 b4 49. axb4 a3 0-1


[Site "https://www.chess.com"]

[Event "Titled Tuesday Blitz July 18 Late 2023"]
[White "Perez Ponsa, Federico"]
[Black "Bluebaum, Matthias"]
[WhiteFideId "117927"]
[BlackFideId "24651516"]
[WhiteElo "2838"]
[BlackElo "3012"]
[Result "1/2-1/2"]
[Round "8"]
[TimeControl "180+2"]
[Date "2023.07.18"]
[WhiteClock "0:01:31"]
[BlackClock "0:01:22"]
[Board "11"]

1. e4 e6 2. d4 d5 3. e5 c5 4. c3 Nc6 5. Nf3 Nge7 6. Na3 Bd7 7. Nc2 Qa5 8. Bd2 Qb6 9. Rb1 Nf5 10. Bd3 cxd4 11. Bxf5 exf5 12. Ncxd4 Nxd4 13. Nxd4 Bc5 14. Be3 O-O 15. O-O Rfe8 16. b4 Bxd4 17. Bxd4 Qg6 18. f4 Bb5 19. Rf3 Qa6 20. Rg3 Re6 21. Qd2 Rg6 22. Re1 Rxg3 23. hxg3 Bd3 24. a4 Be4 25. a5 Qg6 26. Qe3 a6 27. Kf2 Rc8 28. Rh1 Qc6 29. Re1 Re8 30. Re2 Re6 31. Bc5 Rh6 32. Kg1 Rh5 33. Be7 Rh6 34. Qc5 Re6 35. Qxc6 Rxc6 36. Bc5 h6 37. Kf2 g5 38. Ke3 Kg7 39. Rf2 Kg6 40. Kd4 Rc7 41. Rd2 Rc8 42. Rf2 Rc7 43. Rd2 Rc8 44. Rf2 Rc7 1/2-1/2


[Site "https://www.chess.com"]

[Event "Titled Tuesday Blitz July 18 Late 2023"]
[White "Kramnik, Vladimir"]
[Black "Pinero Rodriguez, Carlos Jose"]
[WhiteFideId "4101588"]
[BlackFideId "3901726"]
[WhiteElo "2972"]
[BlackElo "2622"]
[Result "1-0"]
[Round "8"]
[TimeControl "180+2"]
[Date "2023.07.18"]
[WhiteClock "0:01:01"]
[BlackClock "0:00:31"]
[Board "13"]

1. c4 c5 2. g3 e6 3. Bg2 Nf6 4. Nf3 Be7 5. d4 cxd4 6. Nxd4 a6 7. O-O O-O 8. Nc3 Qc7 9. b3 d6 10. Bb2 Nc6 11. Rc1 Ne5 12. e3 Bd7 13. f4 Ng6 14. Qe2 Rac8 15. h3 Qb8 16. Kh2 Rfd8 17. a4 b6 18. Qf2 Bf8 19. g4 e5 20. Nde2 exf4 21. exf4 b5 22. axb5 axb5 23. g5 Ne8 24. cxb5 Bxb5 25. Nxb5 Qxb5 26. Nd4 Qb6 27. Nc6 Qxf2 28. Rxf2 Nh4 29. Bd5 Nf5 30. Re2 Nc7 31. Nxd8 1-0


[Site "https://www.chess.com"]

[Event "Titled Tuesday Blitz July 18 Late 2023"]
[White "Svane, Frederik"]
[Black "Bortnyk, Mykola"]
[WhiteFideId "12923044"]
[BlackFideId "14120836"]
[WhiteElo "2967"]
[BlackElo "3021"]
[Result "1-0"]
[Round "8"]
[TimeControl "180+2"]
[Date "2023.07.18"]
[WhiteClock "0:00:30"]
[BlackClock "0:00:09"]
[Board "14"]

1. c4 f5 2. g3 Nf6 3. Bg2 e6 4. Nc3 d5 5. cxd5 exd5 6. d4 c6 7. Nf3 Bd6 8. Bf4 O-O 9. e3 Kh8 10. O-O Be7 11. Ne5 Be6 12. Nd3 Na6 13. Rb1 Ne4 14. Qc2 Nb4 15. Nxb4 Bxb4 16. a3 Be7 17. b4 a5 18. Na4 axb4 19. axb4 Bf6 20. b5 Bd7 21. Nc5 cxb5 22. Qb3 Nd2 23. Qxd5 Bc6 24. Qxd8 Rfxd8 25. Nxb7 Bxg2 26. Kxg2 Rf8 27. Rxb5 Nxf1 28. Kxf1 g5 29. Bd6 Rf7 30. Rxf5 Kg7 31. Nc5 Kg6 32. Rd5 Ra2 33. Ne4 Be7 34. Bxe7 Rxe7 35. Rxg5+ Kh6 36. Rg4 Re6 37. Kg2 Rb6 38. Rf4 Kg6 39. Nc5 Rbb2 40. Nd3 Re2 41. Kf3 Red2 42. Ke4 Kg7 43. h4 h6 44. Rf5 Kh7 45. g4 Kg7 46. g5 hxg5 47. hxg5 Ra3 48. Ne5 Raa2 49. Rf7+ Kg8 50. f4 Ra3 51. g6 Re2 52. Ng4 Kh8 53. Rh7+ 1-0


[Site "https://www.chess.com"]

[Event "Titled Tuesday Blitz July 18 Late 2023"]
[White "Yoo, Christopher Woojin"]
[Black "Meshkovs, Nikita"]
[WhiteFideId "30909694"]
[BlackFideId "11602740"]
[WhiteElo "2975"]
[BlackElo "2768"]
[Result "1/2-1/2"]
[Round "8"]
[TimeControl "180+2"]
[Date "2023.07.18"]
[WhiteClock "0:00:03"]
[BlackClock "0:00:09"]
[Board "15"]

1. d4 Nf6 2. Nf3 e6 3. Bf4 c5 4. e3 Nc6 5. Nbd2 d5 6. c3 Nh5 7. Be5 f6 8. Bg3 g6 9. Be2 Be7 10. O-O O-O 11. dxc5 Bxc5 12. c4 Nxg3 13. hxg3 dxc4 14. Bxc4 Qe7 15. a3 Rd8 16. b4 Bd6 17. Qb3 Ne5 18. Nxe5 Bxe5 19. Rad1 Re8 20. Nf3 Bc7 21. Rd2 a5 22. Rfd1 axb4 23. axb4 Kg7 24. Nd4 e5 25. Ne6+ Bxe6 26. Bxe6 Qxe6 27. Rd7+ Kh6 28. Qxe6 Rxe6 29. Rxc7 Rb6 30. Rdd7 Rxb4 31. f4 Kh5 32. Rxh7+ Kg4 33. Kh2 Ra2 34. Rxb7 Rxb7 35. Rxb7 Ra3 36. Rb6 Kf5 37. e4+ Kxe4 38. Rxf6 exf4 39. gxf4 Rb3 40. g3 Kf3 41. Rxg6 Rb5 42. Rg8 Rh5+ 43. Kg1 Rc5 44. Rg6 Rb5 45. Rg7 Rc5 46. Rg8 Rd5 47. Kh2 Rh5+ 48. Kg1 Rc5 49. Kh1 Rh5+ 50. Kg1 1/2-1/2


[Site "https://www.chess.com"]

[Event "Titled Tuesday Blitz July 18 Late 2023"]
[White "Smirnov, Pavel"]
[Black "Oparin, Grigoriy"]
[WhiteFideId "4123425"]
[BlackFideId "24125890"]
[WhiteElo "2710"]
[BlackElo "2979"]
[Result "0-1"]
[Round "8"]
[TimeControl "180+2"]
[Date "2023.07.18"]
[WhiteClock "0:00:00"]
[BlackClock "0:00:36"]
[Board "16"]

1. d4 Nf6 2. c4 e6 3. g3 d5 4. Nf3 Bb4+ 5. Bd2 a5 6. Bg2 dxc4 7. a3 Bxd2+ 8. Nbxd2 b5 9. b3 cxb3 10. Qxb3 c6 11. O-O Bb7 12. Qb2 O-O 13. Rfc1 Nbd7 14. Ne1 Nd5 15. Nd3 Qe7 16. Ne4 Rfb8 17. Nec5 Nxc5 18. Nxc5 Bc8 19. e4 Nb6 20. e5 Nd5 21. h4 h6 22. Qe2 Bd7 23. Be4 b4 24. axb4 Rxb4 25. Qd2 Rb5 26. Bd3 Rb4 27. Be4 Rb5 28. Bg2 Be8 29. Bf1 Rb4 30. Ra3 Qd8 31. Rca1 Nc7 32. Rd3 Nb5 33. Rd1 Qe7 34. Ne4 Rd8 35. Nf6+ gxf6 36. Qxh6 f5 37. g4 f4 38. Rf3 Rbxd4 39. Rxd4 Rxd4 40. Bd3 Rxd3 41. Rxd3 Nc7 0-1


[Site "https://www.chess.com"]

[Event "Titled Tuesday Blitz July 18 Late 2023"]
[White "Velikanov, Alexander"]
[Black "He, Anthony"]
[WhiteFideId "2039290"]
[BlackFideId "2088215"]
[WhiteElo "2705"]
[BlackElo "2969"]
[Result "0-1"]
[Round "8"]
[TimeControl "180+2"]
[Date "2023.07.18"]
[WhiteClock "0:00:18"]
[BlackClock "0:01:24"]
[Board "17"]

1. e4 e5 2. Nf3 Nc6 3. Bc4 Bc5 4. d3 Nf6 5. O-O d6 6. c3 O-O 7. b4 Bb6 8. a4 a6 9. Nbd2 h6 10. h3 Ne7 11. Re1 Ng6 12. Nf1 Re8 13. a5 Ba7 14. Ng3 c6 15. Ra2 d5 16. Bb3 Be6 17. Rae2 Bb8 18. exd5 cxd5 19. c4 Bd6 20. c5 Bc7 21. Nxe5 Nxe5 22. Rxe5 Bxe5 23. Rxe5 d4 24. Ba4 Bd7 25. Rxe8+ Qxe8 26. Bb3 Qe5 27. Bb2 Re8 28. Kh2 Bc6 29. Bc4 h5 0-1


[Site "https://www.chess.com"]

[Event "Titled Tuesday Blitz July 18 Late 2023"]
[White "Vetoshko, Volodymyr"]
[Black "Pranav, V"]
[WhiteFideId "14122480"]
[BlackFideId "25060783"]
[WhiteElo "2700"]
[BlackElo "2964"]
[Result "1-0"]
[Round "8"]
[TimeControl "180+2"]
[Date "2023.07.18"]
[WhiteClock "0:00:02"]
[BlackClock "0:00:08"]
[Board "18"]

1. b3 e5 2. Bb2 Nc6 3. c4 Nf6 4. e3 g6 5. Nf3 d6 6. d4 exd4 7. Nxd4 Bg7 8. Nxc6 bxc6 9. Be2 O-O 10. O-O Re8 11. Bf3 Bd7 12. Nc3 h5 13. h3 a5 14. Qd2 Nh7 15. Ne4 Bxb2 16. Qxb2 a4 17. b4 Bf5 18. Qd4 a3 19. Ng3 Bd7 20. Rfd1 Ng5 21. c5 d5 22. Bxh5 Ne6 23. Qc3 gxh5 24. Nxh5 d4 25. Rxd4 Nxd4 26. Qxd4 f6 27. Nxf6+ Kf7 28. Nxd7 Qg5 29. f4 Qf5 30. Ne5+ Kg8 31. Rf1 Rad8 32. Qc4+ Qe6 33. Qc2 Rd5 34. Rf3 Re7 35. Kh2 Rg7 36. Qf2 Rd1 37. Rg3 Qf6 38. Ng4 Qe6 39. f5 Qe4 40. Nf6+ 1-0


[Site "https://www.chess.com"]

[Event "Titled Tuesday Blitz July 18 Late 2023"]
[White "Maghsoodloo, Parham"]
[Black "Alex_Sahakyan2006"]
[WhiteFideId "12539929"]
[WhiteElo "2961"]
[BlackElo "2674"]
[Result "0-1"]
[Round "8"]
[TimeControl "180+2"]
[Date "2023.07.18"]
[WhiteClock "0:00:00"]
[BlackClock "0:00:03"]
[Board "19"]

1. e4 e5 2. Nf3 Nc6 3. Bb5 a6 4. Ba4 Nf6 5. O-O Nxe4 6. d4 b5 7. Bb3 d5 8. dxe5 Be6 9. c3 Be7 10. Nbd2 Nc5 11. Bc2 d4 12. Nb3 d3 13. Bb1 Nxb3 14. axb3 Bf5 15. Re1 O-O 16. Be3 Qd7 17. h3 Rfd8 18. Bd4 Nxd4 19. cxd4 Bb4 20. Re3 d2 21. Qe2 c5 22. Bxf5 Qxf5 23. Nxd2 Bxd2 24. Qxd2 Rxd4 25. Qc3 Rd5 26. e6 fxe6 27. Rae1 Re8 28. Qa5 Rd6 29. Qc7 Qd5 30. Re5 Qd2 31. Qxc5 Rf8 32. R5e2 Qd5 33. Qc7 Rd7 34. Qa5 Rd6 35. Qc3 Rc6 36. Qg3 h6 37. Re5 Qd7 38. Qe3 Rf6 39. b4 Rc2 40. Rf1 Rxb2 41. Qa3 Qd4 42. Re3 Rbxf2 43. Rxf2 Qd1+ 44. Kh2 Rxf2 45. Qxa6 Qd5 46. Rg3 Qe5 47. Qa7 Rf5 48. Qa8+ Kh7 49. Qe8 Rg5 0-1


[Site "https://www.chess.com"]

[Event "Titled Tuesday Blitz July 18 Late 2023"]
[White "Olsen, Filip Boe"]
[Black "Anton Guijarro, David"]
[WhiteFideId "1440640"]
[BlackFideId "2285525"]
[WhiteElo "2663"]
[BlackElo "2918"]
[Result "0-1"]
[Round "8"]
[TimeControl "180+2"]
[Date "2023.07.18"]
[WhiteClock "0:00:01"]
[BlackClock "0:00:12"]
[Board "20"]

1. d4 c6 2. Nf3 a6 3. Bf4 d5 4. e3 Bg4 5. h3 Bh5 6. Nbd2 e6 7. g4 Bg6 8. Ne5 Nd7 9. Nxg6 hxg6 10. Bg2 g5 11. Bg3 Ne7 12. h4 gxh4 13. Rxh4 Rxh4 14. Bxh4 Qb6 15. Nb3 Ng6 16. Bg3 Be7 17. Qe2 a5 18. a4 Bh4 19. Bd6 Be7 20. Bxe7 Kxe7 21. Qd2 Nh4 22. Bh1 g5 23. O-O-O Qb4 24. e4 Qxd2+ 25. Kxd2 b6 26. Ke3 Nf6 27. Rg1 Rh8 28. Nd2 Ng6 29. c4 Rh3+ 30. Bf3 Nf4 31. Rg3 Rh2 32. b3 Rh8 33. Rg1 Rh3 34. Rg3 Rh4 35. Rg1 Kf8 36. Rg3 Kg7 37. Rg1 Rh8 38. e5 Nd7 39. cxd5 exd5 40. Rc1 c5 41. Nf1 Re8 42. Ng3 cxd4+ 43. Kxd4 Nxe5 44. Nf5+ Kf6 45. Bd1 Rd8 46. Rc7 Ne6+ 47. Ke3 Nxc7 0-1


[Site "https://www.chess.com"]

[Event "Titled Tuesday Blitz July 18 Late 2023"]
[White "Karaoglan, Doruk"]
[Black "Grigoriants, Sergey"]
[WhiteFideId "6390927"]
[BlackFideId "4130804"]
[WhiteElo "2625"]
[BlackElo "2912"]
[Result "0-1"]
[Round "8"]
[TimeControl "180+2"]
[Date "2023.07.18"]
[WhiteClock "0:01:09"]
[BlackClock "0:01:01"]
[Board "21"]

1. e4 c6 2. d4 d5 3. Nc3 dxe4 4. Nxe4 Bf5 5. Ng3 Bg6 6. f4 e6 7. Nf3 Nf6 8. Bc4 Nbd7 9. O-O Nb6 10. Bb3 Bd6 11. Ne5 O-O 12. h4 c5 13. h5 Be4 14. Nxe4 Nxe4 15. Qf3 Nf6 16. c3 cxd4 17. cxd4 Bc7 18. Be3 Nbd5 19. Bf2 Bb6 20. Rad1 Qd6 21. f5 Rad8 22. h6 g6 23. fxg6 fxg6 24. Bh4 Qxe5 0-1


[Site "https://www.chess.com"]

[Event "Titled Tuesday Blitz July 18 Late 2023"]
[White "Zhigalko, Sergei"]
[Black "Chen, Justin"]
[WhiteFideId "13502956"]
[BlackFideId "2098199"]
[WhiteElo "2888"]
[BlackElo "2618"]
[Result "1-0"]
[Round "8"]
[TimeControl "180+2"]
[Date "2023.07.18"]
[WhiteClock "0:00:03"]
[BlackClock "0:00:00"]
[Board "22"]

1. e4 e5 2. Nf3 Nf6 3. d4 Nxe4 4. Bd3 d5 5. Nxe5 Nd7 6. Nxd7 Bxd7 7. O-O Bd6 8. Nc3 Nxc3 9. bxc3 O-O 10. Qh5 f5 11. Re1 Qf6 12. Qf3 c6 13. Bf4 Rae8 14. h4 g6 15. Qg3 Bxf4 16. Qxf4 Rxe1+ 17. Rxe1 Re8 18. Rxe8+ Bxe8 19. Qb8 Qf7 20. Qxa7 b5 21. Qb8 Kf8 22. h5 Qe7 23. h6 Qe1+ 24. Bf1 Qe6 25. g3 g5 26. Bd3 Ke7 27. Kg2 Bd7 28. Qa7 Kd6 29. Qc5+ Kc7 30. Qf8 Qg6 31. Qg7 Qh5 32. Bxf5 1-0


[Site "https://www.chess.com"]